 Dungeon Crawl Stone Soup version 0.21-a0-426-g98080a9 (webtiles) character file.

104 slep the Vandal (level 5, 0/34 HPs)
             Began as a Halfling Hunter on Nov 6, 2017.
             Slain by a sky beast (3 damage)
             ... on level 3 of the Dungeon on Nov 7, 2017.
             The game lasted 00:11:09 (1595 turns).

slep the Vandal (Halfling Hunter)                   Turns: 1595, Time: 00:11:10

Health: 0/34       AC:  3    Str: 13    XL:     5   Next: 7%
Magic:  5/5        EV: 15    Int:  9    God:
Gold:   103        SH:  0    Dex: 16    Spells: 4/4 levels left

rFire    . . .     SeeInvis .   b - +0 short sword
rCold    . . .     Gourm    .   (shield restricted)
rNeg     . . .     Faith    +   c - +0 leather armour
rPois    .         Spirit   .   (no helmet)
rElec    .         Reflect  .   (no cloak)
rCorr    .         Harm     .   (no gloves)
MR       .....                  (no boots)
Stlth    ++........             d - amulet of faith
HPRegen  0.11/turn              (no ring)
MPRegen  0.09/turn              (no ring)

@: no status effects
A: mutation resistance 1
a: no special abilities


You were on level 3 of the Dungeon.
You were hungry.

You visited 1 branch of the dungeon, and saw 3 of its levels.

You collected 103 gold pieces.

Inventory:

Hand Weapons
 a - a +1 hunting sling
 b - a +0 short sword (weapon)
Missiles
 e - 41 stones (quivered)
 o - 3 sling bullets
Armour
 c - a +0 leather armour (worn)
Jewellery
 d - an amulet of faith (around neck)
Scrolls
 g - a scroll of blinking {unknown}
 h - 3 scrolls of teleportation {unknown}
 i - 2 scrolls of remove curse {unknown}
 j - a scroll of identify {unknown}
 m - a scroll of enchant weapon {unknown}
 n - a scroll of fog {unknown}
 p - a scroll of fear {unknown}
Potions
 k - 2 potions of curing {unknown}
 q - a potion of haste {unknown}
Comestibles
 f - 2 bread rations
 l - a meat ration


   Skills:
 + Level 2.2 Fighting
 + Level 1.3 Short Blades
 + Level 7.9 Slings
 + Level 0.5 Armour
 + Level 2.4 Dodging
 + Level 1.1 Stealth


You had 4 spell levels left.
You didn't know any spells.

Dungeon Overview and Level Annotations

Branches:
Dungeon (3/15)

Altars:

Portals:
Sewer: D:3


Innate Abilities, Weirdness & Mutations

You are small and have problems with some larger weapons.
You are somewhat resistant to further mutation.


Message History

The sky beast is severely wounded.
The sky beast closely misses you.
You hit the sky beast.
The sky beast is severely wounded.
The sky beast completely misses you.
You closely miss the sky beast.
The sky beast is severely wounded.
The sky beast hits you.
* * * LOW HITPOINT WARNING * * *
The sky beast shocks you.
* * * LOW HITPOINT WARNING * * *
You barely miss the sky beast.
The sky beast is severely wounded.
The sky beast misses you. The sky beast closely misses you.
You closely miss the sky beast.
The sky beast is severely wounded.
The sky beast flickers out of sight!
Deactivating autopickup; reactivate with Ctrl-A.
Something hits you.
You die...

#.......##########..#
#...............###.#
######>......######.#
###########.........#.#
........# #.#######...#
..../...###.8.. #...#
............#######...#
..........#..........##
(.((..{@..##.#####<#.#
........#.......##.#.#
........#..#..####.#.#
........#..#......(#.#
........#..#..######.#
#########..#.#######.#
#....#..........
######.#####..#####.#
......................


There were no monsters in sight!

Vanquished Creatures
  A gnoll (D:1)
  4 adders
  An ooze (D:1)
  A worm (D:2)
  A dart slug (D:3)
  2 leopard geckos (D:2)
  3 giant cockroaches
  8 goblins
  3 hobgoblins (D:1)
  6 jackals (D:1)
  6 bats
  3 frilled lizards
  5 kobolds
  4 rats
48 creatures vanquished.

Notes
Turn   | Place    | Note
-------+----------+-------------------------------------------
     0 | D:1      | slep the Halfling Hunter began the quest for the Orb.
     0 | D:1      | Reached XP level 1. HP: 14/14 MP: 1/1
    13 | D:1      | Reached skill level 6 in Slings
    61 | D:1      | Reached XP level 2. HP: 12/19 MP: 2/2
   157 | D:1      | Reached XP level 3. HP: 23/24 MP: 3/3
   208 | D:1      | Reached skill level 7 in Slings
   635 | D:2      | Reached skill level 1 in Short Blades
   635 | D:2      | Reached XP level 4. HP: 29/29 MP: 4/4
  1527 | D:3      | Reached XP level 5. HP: 34/34 MP: 5/5
  1529 | D:3      | Found a glowing drain.
  1575 | D:3      | Noticed a sky beast
  1595 | D:3      | Slain by a sky beast

Vault maps used:
D:1:      arrival_zaba_pyramid
D:3:      minmay_goblin_kobold_castle, portal_sewer_entry_d, lemuel_statue_altar

Skill      XL: |  1  2  3 |
---------------+----------+-----
Slings         | 6 7 |  7.9
Fighting       | 2 |  2.2
Short Blades   | 1 |  1.3
Armour         | |  0.5
Dodging        | |  2.4
Stealth        | |  1.1

Action                   |  1- 3 |  4- 6 || total
-------------------------+-------+-------++-------
Melee: Short sword       |    21 |    19 ||    40
 Fire: Hunting sling     |    51 |    62 ||   113
Throw: Stone             |     6 |       ||     6
  Eat: Chunk             |       |     1 ||     1
Armor: Leather armour    |     8 |     3 ||    11
Dodge: Dodged            |    15 |    24 ||    39

Table legend:
 A = Spawn XP
 B = Non-spawn XP
 C = Spawn XP percentage of total XP
 D = Spawn monster count
 E = Non-spawn monster count
 F = Spawn count percentage of total count
 G = Total turns spent on level
                    A         B        C        D         E        F      G
               +---------+---------+-------+---------+---------+-------+---------
         Total |       0 |     149 |   0.0 |       0 |      48 |   0.0 |  1595
               +---------+---------+-------+---------+---------+-------+---------
           D:1 |       0 |      61 |   0.0 |       0 |      27 |   0.0 |   631
           D:2 |       0 |      68 |   0.0 |       0 |      18 |   0.0 |   842
           D:3 |       0 |      20 |   0.0 |       0 |       3 |   0.0 |   122
               +---------+---------+-------+---------+---------+-------+---------
